 Seeded DCSS version 0.28.0-45-g0d030f2227 (webtiles) character file.

Game seed: 18446744073709551615 (custom seed)

42 xaos the Sneak (level 3, -1/24 HPs)
             Began as a Human Wanderer on Apr 7, 2022.
             Killed from afar by Sigmund (12 damage)
             ... with a puff of flame
             ... on level 2 of the Dungeon.
             The game lasted 00:09:51 (2015 turns).

xaos the Sneak (Human Wanderer)                     Turns: 2015, Time: 00:09:52

Health: -1/24      AC:  4    Str: 16    XL:     3   Next: 80%
Magic:  6/6        EV: 11    Int: 11    God:
Gold:   88         SH:  0    Dex: 11    Spells: 5/6 levels left

rFire   x . .      SeeInvis .   a - +2 dagger
rCold   + . .      Faith    .   (no shield)
rNeg    . . .      Spirit   .   (no armour)
rPois   .          Reflect  .   c - +0 helmet
rElec   .          Harm     .   j - +2 cloak
rCorr   .          Rampage  .   (no gloves)
Will    .....                   (no boots)
Stlth   ++........              (no amulet)
HPRegen 0.08/turn               g - ring of flight
MPRegen 0.10/turn               h - ring of ice

@: flying
A: no striking features
a: no special abilities


You were on level 2 of the Dungeon.
You visited 1 branch of the dungeon, and saw 2 of its levels.

You collected 88 gold pieces.

Inventory:

Hand Weapons
 a - a +2 dagger (weapon)
Armour
 c - a +0 helmet (worn)
 i - a +0 chain mail of positive energy
 j - a +2 cloak (worn)
Jewellery
 g - a ring of flight (left hand)
 h - a ring of ice (right hand)
Potions
 b - 2 potions of haste {unknown}


   Skills:
 + Level 0.3 Short Blades
 + Level 2.2 Armour
 + Level 1.1 Dodging
 + Level 3.8 Stealth
 + Level 2.4 Spellcasting
 + Level 1.4 Summonings
 + Level 1.0 Invocations


You had 5 spell levels left.
You knew the following spells:

 Your Spells              Type           Power      Damage    Failure   Level
a - Summon Small Mammal   Summ           16%        N/A       16%         1

Your spell library contained the following spells:

 Spells                   Type           Power      Damage    Failure   Level
 Summon Guardian Golem    Hex/Summ       2%         N/A       54%         3


Dungeon Overview and Level Annotations

Branches:
Dungeon (2/15)

Altars:

Annotations:
D:2 Sigmund


Message History

Sigmund is moderately wounded.
Sigmund hits you with a +0 scythe!
Your rat bites Sigmund.
You hit Sigmund.
Sigmund is heavily wounded.
Sigmund closely misses you.
Your rat closely misses Sigmund.
You feel much better.
Your rat bites Sigmund.
You closely miss Sigmund.
Sigmund is heavily wounded.
Sigmund gestures wildly while chanting.
Sigmund flickers and vanishes!
Deactivating autopickup; reactivate with Ctrl-A.
You hit something. Something hits you.
You barely miss something. You barely miss something. Something hits you!
You hit something. Something hits you!
* * * LOW HITPOINT WARNING * * *
You feel much better. Something hits you.
You hear some strange, mumbled words.
Your rat appears confused.
An endoplasm comes into view.
You swap places.
Your rat closely misses you.
Something hits you but does no damage.
You swap places.
Found a leather armour.
You see here 2 red potions.
b - 2 red potions Something hits you.
The endoplasm quivers.
Something hits you.
You hit something. Something hits you. Something hits you!
An endoplasm is nearby!
The endoplasm freezes you.
You are frozen.
You resist.
You hear some strange, mumbled words.
A puff of flame appears from out of thin air!
The puff of flame hits you! The fire burns you terribly!
Ouch! That really hurt!
You die...

.....#....##..........
... ##...............
...###....#.##.......
.........#...........
.....................
[........#...........
...###.....{.........
.. #...#J.........#
#.....@......#..
#............#
.......##.##.## #
####..... ... .. .#
##...##...# ## .#
#.#.# .#... ## #...
...... #... ....##


You could see an endoplasm.

Vanquished Creatures
  An adder (D:2)
  A worm (D:2)
  2 dart slugs (D:1)
  2 bats (D:1)
  2 endoplasms
  A giant cockroach (D:1)
  A goblin (D:1)
  3 hobgoblins (D:1)
  2 kobolds (D:2)
  2 quokkas (D:1)
  3 ball pythons
  3 frilled lizards (D:1)
  A rat (D:1)
24 creatures vanquished.

Vanquished Creatures (collateral kills)
  A rat (D:2)
1 creature vanquished.

Grand Total: 25 creatures vanquished

Notes
Turn   | Place    | Note
-------+----------+-------------------------------------------
     0 | D:1      | xaos the Human Wanderer began the quest for the Orb.
     0 | D:1      | xaos set off with the following items: a +2 dagger, a
                  | potion of heal wounds, a +0 helmet, a +0 leather armour;
                  | and the following spell memorised: Summon Small Mammal; and
                  | the following spells available to memorise: Summon Guardian
                  | Golem
     0 | D:1      | Reached XP level 1. HP: 13/13 MP: 3/3
   137 | D:1      | Reached XP level 2. HP: 15/19 MP: 5/5
   421 | D:1      | Found a faded altar of an unknown god.
   804 | D:1      | Reached XP level 3. HP: 20/24 MP: 6/6
  1978 | D:2      | Noticed Sigmund
  2015 | D:2      | Killed from afar by Sigmund

Illustrated notes

Levels and vault maps discovered:
D:1:      matt_arrival_refuge, layout_basic, ebering_ecumenical_altar_hall
D:2:      layout_rooms, uniq_sigmund

Action                   || total
-------------------------++-------
Melee: Dagger            ||   102
Throw: Throwing net      ||     3
 Cast: Summon Small Mamm ||     3
  Use: Potion            ||     3
 Stab: Sleeping          ||     3
Armor: Leather armour    ||     6
       Chain mail        ||    53
       Skin              ||     2
Dodge: Dodged            ||    50
